[Event "*** Titled Tuesday Blitz"]
[Site "Chess.com"]
[Date "2020.05.05"]
[Round "10"]
[White "BikingBrian"]
[Black "mshuaau0"]
[Result "0-1"]
[WhiteElo "2257"]
[BlackElo "2137"]
[TimeControl "180+1"]
[EndTime "12:00:30 PDT"]
[Termination "mshuaau0 won by resignation"]

1. d4 d5 2. Bf4 e6 3. e3 Bd6 4. Bg3 Nf6 5. Nf3 c5 6. c3 O-O 7. Nbd2 b6 8. Ne5 Qc7 9. Bd3 Ba6 10. Bxa6 Nxa6 11. O-O Nb8 12. f4 Nc6 13. Bh4 Ne4 14. Nxe4 dxe4 15. Qc2 cxd4 16. Qxe4 Bxe5 17. fxe5 dxe3 18.
Qxe3 Qxe5 19. Qf3 Rac8 20. Rae1 Qc5+ 21. Kh1 Ne5 22. Qe4 Ng6 23. Bf2 Qc4 24. Qf3 Qxa2 25. h4 Qd5 26. Qxd5 exd5 27. h5 Nf4 28. Bxb6 Nxg2 29.
Kxg2 axb6 30. Rf5 Rfd8 31. Rfe5 Kf8 32. Rd1 Rc5 33. Kf3 f6 34. Re6 Rb5 35. Rd2 Kf7 36. Rc6 d4 37. Rc7+ Kg8 38. cxd4 Rxh5 39. Rb7 b5 40.
Ke4 Rh4+ 41. Ke3 Rh3+ 42. Ke4 Re8+ 43. Kd5 Rh5+ 44. Kd6 Kf8 45. d5 Rhe5 46. Kc6 h5 47. d6 R5e6 48. Kxb5 Rd8 49. d7 Ke7 50. Rc7 Rd6 51.
Re2+ Kf7 52. Rc5 h4 53. Rh5 R8xd7 54. Rxh4 Rd5+ 55. Kc6 R7d6+ 56. Kc7 Ra6 57. Rhe4 Ra7+ 58. Kb6 Rdd7 59. Rc4 Rdb7+ 60. Kc5 Rc7+ 61. Kd4 Rxc4+ 62. Kxc4 g5 63. b4 Kg6 64. Kd5 g4 65. Ke6 Kg5 66. Rc2 Rb7 67. Rc4 f5 68. Rc5 Rb6+ 69. Ke5 Rxb4 70. Ke6 Re4+ 71. Kf7 g3 72. Rc6 Kf4 73. Rg6 Re2 74. Kf6 g2 75. Rg5 Ke4 76. Rxf5 g1=Q 77. Re5+ Kd3 78. Rd5+ Qd4+ 79. Rxd4+ Kxd4 0-1

[Event "*** Titled Tuesday Blitz"]
[Site "Chess.com"]
[Date "2020.05.05"]
[Round "10"]
[White "petroniy_arbitr"]
[Black "Bastiandash"]
[Result "1-0"]
[WhiteElo "2304"]
[BlackElo "2111"]
[TimeControl "180+1"]
[EndTime "12:00:31 PDT"]
[Termination "petroniy_arbitr won by checkmate"]

1. d4 Nf6 2. c4 e6 3. Nf3 Bb4+ 4. Bd2 a5 5. a3 Bxd2+ 6. Qxd2 O-O 7. Nc3 d6 8. e4 Nbd7 9. Bd3 e5 10. O-O exd4 11. Nxd4 Nc5 12. Bc2 Re8 13. f3 c6 14. b4 axb4 15.
axb4 Rxa1 16. Rxa1 Ne6 17. Nf5 Qb6+ 18. Kh1 Qxb4 19.
Rb1 Qc5 20. Na4 Qe5 21. Qxd6 Qxd6 22. Nxd6 Rd8 23. Nxc8 Rxc8 24. Rxb7 Rd8 25. e5 Rd2 26. Bb3 Re2 27. Kg1 Rxe5 28. Rb8+ Nf8 29. Rc8 Re3 30. Nc5 Re1+ 31. Kf2 Rb1 32. Rxc6 h5 33. h4 Rb2+ 34. Kg3 Ng6 35. Rc8+ Kh7 36. Ba4 Rb4 37. Bb5 Ne5 38. Ne4 Nxe4+ 39. fxe4 Rb3+ 40. Kf4 Ng6+ 41. Kf5 Nxh4+ 42. Ke5 Nxg2 43. Be8 Kg6 44. Rc7 Kg5 45. Bxf7 g6 46. Bd5 Nf4 47. Kd6 h4 48. Rh7 h3 49. e5 Rd3 50. e6 Re3 51. e7 Kg4 52. Kd7 Kg3 53. e8=Q Rxe8 54. Kxe8 h2 55.
Bh1 g5 56. c5 g4 57. c6 Nd5 58. Bxd5 Kf2 59. Bh1 Ke3 60. c7 g3 61. c8=Q Kf2 62. Qc5+ Ke1 63. Re7+ Kd1 64. Qd5+ Kc1 65. Rc7+ Kb1 66.
Qb5+ Ka1 67. Ra7# 1-0

[Event "*** Titled Tuesday Blitz"]
[Site "Chess.com"]
[Date "2020.05.05"]
[Round "10"]
[White "queen_iryna"]
[Black "erlesfar"]
[Result "1-0"]
[WhiteElo "2305"]
[BlackElo "2423"]
[TimeControl "180+1"]
[EndTime "12:00:33 PDT"]
[Termination "queen_iryna won by checkmate"]

1. d4 Nf6 2. Bg5 Ne4 3. Bf4 c5 4. f3 Nf6 5. dxc5 e5 6. Bxe5 Bxc5 7. Nc3 Qb6 8. Nh3 O-O 9. Bxf6 Qxf6 10. Qd2 Nc6 11.
O-O-O d6 12. Nf4 Be6 13. Nfd5 Qd8 14. e4 a6 15. Kb1 b5 16. Nf4 Bc4 17. Bxc4 bxc4 18.
Na4 Qc7 19. Nxc5 dxc5 20. Nd5 Qb7 21. c3 Ne5 22. Qe3 Rfb8 23. Rd2 Nd3 24. b3 a5 25.
Rxd3 cxd3 26. Qxc5 a4 27. b4 a3 28. Qd4 Qb5 29.
Rd1 Qa4 30. Qxd3 Kh8 31. Qc2 Qb5 32. Qb3 Qe2 33. Qc2 Qb5 34. Ka1 Qc4 35. Kb1 Rc8 36. Qd3 Qxd3+ 37. Rxd3 Rab8 38. Kc2 f5 39. Kb3 fxe4 40.
fxe4 Re8 41. Re3 Re5 42. c4 Rbe8 43. Kc3 Rxe4 44. Rxe4 Rxe4 45. Kd3 Re1 46. b5 Rb1 47. b6 Kg8 48. Kc3 Kf7 49. Nb4 Rc1+ 50. Kb3 Rb1+ 51. Kxa3 Re1 52. b7 Re8 53. Nc6 Re3+ 54. Kb4 Re1 55.
b8=Q Rb1+ 56. Kc5 Rxb8 57. Nxb8 Ke6 58. a4 Ke5 59. a5 Ke4 60. a6 Ke3 61. a7 Kf2 62.
a8=Q Kg1 63. Qf3 Kh1 64. Kd4 g5 65. c5 h5 66. Qxh5 g4 67. c6 g3 68. hxg3+ Kg1 69.
c7 Kf2 70. c8=Q Kg1 71. Qc1+ Kf2 72. Qf3# 1-0

[Event "*** Titled Tuesday Blitz"]
[Site "Chess.com"]
[Date "2020.05.05"]
[Round "10"]
[White "saraswathii"]
[Black "karinachess1"]
[Result "1-0"]
[WhiteElo "2348"]
[BlackElo "2460"]
[TimeControl "180+1"]
[EndTime "12:00:38 PDT"]
[Termination "saraswathii won on time"]

1. e4 e5 2. d3 Nc6 3. Nf3 Nf6 4.
g3 d5 5. exd5 Nxd5 6. Bg2 Be7 7.
O-O O-O 8. Nbd2 Re8 9. Nc4 Bf8 10. Re1 f6 11. a4 Bg4 12. h3 Bh5 13. Ne3 Nxe3 14. Bxe3 Qd7 15. Kh2 Rad8 16. Qe2 Nd4 17. Bxd4 exd4 18. Qd2 Rxe1 19. Rxe1 Qxa4 20. Nh4 Qb5 21.
Qc1 Bb4 22. Re4 Bf7 23. c3 dxc3 24. bxc3 Bf8 25. d4 c5 26. Rg4 cxd4 27. cxd4 Be6 28. Re4 Bd5 29. Re1 Bxg2 30. Kxg2 Rxd4 31. Nf3 Rd8 32.
Qe3 Qb6 33. Qe4 Qc6 34. Qe3 a5 35. Qb3+ Qd5 36. Qb6 Bb4 37. Rc1 Rd7 38. Rc8+ Kf7 39. Qe3 Re7 40. Qf4 Bd6 41. Qg4 h5 42. Qa4 b6 43. Rc3 Bc5 44. Qc2 Qe4 45. Qd1 a4 46. Rc2 a3 47. Ra2 Qe6 48. Qb1 Qd5 49. Rd2 Qe4 50.
Qb3+ Qe6 51. Qb1 b5 52. Qxb5 Qb6 53. Qc4+ Kg6 54. Nh4+ Kh7 55. Qd3+ Kg8 56. Ng6 Re8 57. Qd5+ Kh7 58. Qxh5+ Kg8 59. Qd5+ Kh7 60. Rc2 Bd4 61. Qh5+ Kg8 62. Nh4 Be5 63. Qxe8+ Kh7 64. Qh5+ Kg8 65.
Rc8+ 1-0

[Event "*** Titled Tuesday Blitz"]
[Site "Chess.com"]
[Date "2020.05.05"]
[Round "10"]
[White "Parhamov"]
[Black "Duhless"]
[Result "1/2-1/2"]
[WhiteElo "3036"]
[BlackElo "3084"]
[TimeControl "180+1"]
[EndTime "12:00:39 PDT"]
[Termination "Game drawn - insufficient material"]

1. d4 Nf6 2. c4 e6 3. Nf3 d5 4.
Nc3 c6 5. Bg5 h6 6. Bxf6 Qxf6 7.
e3 Nd7 8. Rc1 Bd6 9. Be2 dxc4 10.
Bxc4 O-O 11. O-O Qe7 12. h3 Kh8 13. a3 e5 14. Ne4 Bb8 15. d5 f5 16. Ng3 e4 17.
Nd4 Ne5 18. dxc6 bxc6 19. Qh5 Nxc4 20. Rxc4 Bxg3 21. fxg3 Ba6 22. Rxc6 Bxf1 23. Kxf1 Rac8 24. Rxc8 Rxc8 25. Kg1 Qg5 26. Qxg5 hxg5 27. Kf2 Rc1 28. b3 Rb1 29. g4 f4 30. b4 Rb2+ 31. Kf1 Ra2 32. Ne6 fxe3 33. b5 Rxa3 34. Ke2 Kg8 35. g3 Rb3 36. Nd4 Ra3 37. h4 gxh4 38. gxh4 Kf7 39.
Nf5 Kf6 40. h5 Rb3 41. Nd4 Ra3 42. Nf5 Rc3 43. Nxe3 Kg5 44. Nf5 Kxg4 45. Nxg7 Kg5 46. Kf2 Rb3 47. Ne6+ Kxh5 48. Nd4 Rc3 49. Ke2 Kg6 50.
Nc6 a6 51. Ne7+ Kf7 52. Nd5 Rc5 53. Nb4 axb5 54. Ke3 Rc4 55. Nd5 Ke6 56. Nb6 Kd6 57. Nxc4+ bxc4 58. Kd4 Ke6 59. Kxe4 c3 60. Kd3 c2 61. Kxc2 1/2-1/2

[Event "*** Titled Tuesday Blitz"]
[Site "Chess.com"]
[Date "2020.05.05"]
[Round "10"]
[White "Aradej"]
[Black "ShahMatKanal"]
[Result "0-1"]
[WhiteElo "2533"]
[BlackElo "2428"]
[TimeControl "180+1"]
[EndTime "12:00:39 PDT"]
[Termination "ShahMatKanal won by resignation"]

1. e4 d5 2. exd5 Qxd5 3. Nc3 Qd6 4. d4 Nf6 5. Nf3 c6 6. Ne5 Nbd7 7. Nc4 Qc7 8. Qf3 Nb6 9. Bf4 Qd7 10. Ne5 Qd8 11.
Rd1 e6 12. Bd3 Be7 13. O-O O-O 14. Rfe1 Nbd5 15. Nxd5 cxd5 16. Qh3 g6 17. Re3 Nh5 18. Bh6 Bg5 19. Bxf8 Bxe3 20. fxe3 Qxf8 21. g4 Ng7 22. Rf1 f5 23. c3 Qe7 24. Qg3 Bd7 25. h4 Rf8 26. a3 Bc6 27. h5 Qg5 28. hxg6 hxg6 29.
Kg2 Be8 30. gxf5 Qxg3+ 31. Kxg3 Nxf5+ 32. Bxf5 exf5 33. Kf4 Kg7 34. Rh1 Bb5 35. Kg5 Be8 36. Rh6 f4 37. Nxg6 Rf6 38. Nh4 Rxh6 39. Nf5+ Kh7 40.
Nxh6 fxe3 41. Ng4 e2 42. Nf6+ Kh8 43. Nxe8 e1=Q 44. Nf6 Qd2+ 45. Kf5 Qxb2 46. Nxd5 Qxa3 47. Ke6 a5 48. Ne7 Qb3+ 49. d5 a4 50. Kf6 Qb6+ 51. Ke5 Qe3+ 52. Kf6 Qxc3+ 53. Ke6 Qe3+ 54. Kf6 a3 55. d6 Qd4+ 56. Ke6 a2 57. Ng6+ Kg7 58. Ne7 Qxd6+ 59. Kxd6 a1=Q 60. Nd5 Qa3+ 61. Kc7 Kf7 62. Nb6 Qf3 63. Nd7 Ke7 64. Nb6 Qc6+ 0-1

[Event "*** Titled Tuesday Blitz"]
[Site "Chess.com"]
[Date "2020.05.05"]
[Round "10"]
[White "LuckSlayeer"]
[Black "Phenix2k"]
[Result "1-0"]
[WhiteElo "2518"]
[BlackElo "2323"]
[TimeControl "180+1"]
[EndTime "12:00:40 PDT"]
[Termination "LuckSlayeer won by resignation"]

1. e4 e5 2. Nf3 Nc6 3. Nc3 Nf6 4. d4 exd4 5. Nxd4 Bb4 6. Nxc6 bxc6 7. Bd3 d5 8. exd5 O-O 9. O-O cxd5 10. h3 c6 11. Qf3 Re8 12. Bf4 Qe7 13. a3 Bd6 14.
b4 Bxf4 15. Qxf4 a5 16. Na4 axb4 17. axb4 Ne4 18. Bxe4 Qxe4 19. Qxe4 Rxe4 20. Nb6 Rb8 21. Nxc8 Rxc8 22. Rfb1 g6 23. Ra5 Rb8 24. b5 Rxb5 25.
Rbxb5 cxb5 26. Rxb5 Rc4 27. Rb2 Kg7 28. Kf1 Kf6 29. Ke2 Rc7 30. Kd3 Ke5 31. c3 h5 32. Re2+ Kf5 33. Kd4 Rc4+ 34. Kd3 Rc7 35. Re3 Kf6 36. Kd4 Rd7 37. Re5 Ra7 38. Rxd5 Ra2 39.
Ke3 Rc2 40. Rc5 Ke6 41. Rc8 Kf6 42. g3 Rc1 43. Kd2 Rf1 44. Ke2 Rc1 45. c4 g5 46. Rc6+ Kg7 47. Rc5 f6 48. h4 gxh4 49. gxh4 Rh1 50. Rxh5 Kg6 51. Rh8 Kg7 52. Rh5 Kg6 53.
Rd5 Rxh4 54. Kd3 Kf7 55. c5 Ke6 56. Rd4 Rh2 57. Ke2 Rh1 58. Rc4 Kd7 59. c6+ Kc7 60. Rc3 Rh5 61. f4 Ra5 62. Kf3 Ra6 63. Kg4 Ra5 64.
Kh4 Rb5 65. Kg4 Ra5 66. f5 Ra6 67. Kh5 Rxc6 68. Rxc6+ Kxc6 69. Kg6 Kd7 70. Kxf6 Ke8 71. Kg7 1-0

[Event "*** Titled Tuesday Blitz"]
[Site "Chess.com"]
[Date "2020.05.05"]
[Round "10"]
[White "Firegrizzly"]
[Black "Harsha_Bharathakoti"]
[Result "0-1"]
[WhiteElo "2672"]
[BlackElo "2827"]
[TimeControl "180+1"]
[EndTime "12:00:41 PDT"]
[Termination "Harsha_Bharathakoti won by resignation"]

1. e4 c5 2. Nf3 Nc6 3. Bb5 g6 4.
Bxc6 bxc6 5. d4 cxd4 6. Qxd4 f6 7. O-O d6 8. c4 c5 9. Qd3 Bg7 10. Nc3 Nh6 11. h3 Nf7 12. b3 O-O 13. Bb2 g5 14.
Nh2 Ne5 15. Qd2 Bb7 16. Rad1 Qe8 17. f3 Rd8 18. Nd5 e6 19. Ne3 Qe7 20. Nhg4 Ng6 21. Qa5 a6 22. Bc3 h5 23. Nf2 Nf4 24. Rfe1 Rd7 25. a3 Qd8 26. Qxd8 Rfxd8 27. b4 Kf7 28. Rd2 cxb4 29. axb4 Bf8 30. Red1 Rc8 31. Kh2 Rdc7 32. Ba1 Be7 33. Nd3 Ng6 34. g3 g4 35. hxg4 hxg4 36.
Nxg4 Rxc4 37. Kg2 Rh8 38. Ngf2 Rg8 39. Kf1 Bc6 40. Rc1 Rxc1+ 41. Nxc1 Ne5 42. Kg2 f5 43.
Bxe5 dxe5 44. Rc2 Bb5 45. Rc7 Kf6 46. Nb3 Bxb4 47. Rb7 Rc8 48. Rh7 Rc3 49. Rh6+ Kg7 50. Rxe6 Rxb3 51. exf5 Be2 52. Rxe5 Bxf3+ 53. Kh3 Kf6 54.
Re6+ Kxf5 55. Rxa6 Bd5 56. Ng4 Be6 57. Kh4 Be7+ 58.
Kh3 Rb1 59. Ra5+ Kg6 60. Ra6 Kf7 61. Ra4 Rb4 62. Kg2 Rxa4 63. Ne5+ Ke8 64. Nc6 Bd5+ 65.
Kh3 Bxc6 66. g4 Bd7 67. Kg3 Rxg4+ 68. Kf3 Kf7 69. Kf2 Kf6 70. Kf1 Kf5 0-1

[Event "*** Titled Tuesday Blitz"]
[Site "Chess.com"]
[Date "2020.05.05"]
[Round "10"]
[White "leoduarte"]
[Black "mirciulica14"]
[Result "1-0"]
[WhiteElo "2377"]
[BlackElo "2577"]
[TimeControl "180+1"]
[EndTime "12:00:42 PDT"]
[Termination "leoduarte won by resignation"]

1. e4 e5 2. Nf3 Nc6 3. d4 exd4 4. Nxd4 Bc5 5. Nxc6 Qf6 6. Qf3 dxc6 7. Qxf6 gxf6 8.
Nc3 f5 9. Bd3 Ne7 10. Bf4 Rg8 11. O-O Bd6 12. Bxd6 cxd6 13. Rfe1 Kf8 14. exf5 Nxf5 15.
Ne4 Nh4 16. Ng3 h6 17. Re3 Be6 18. Rae1 Bd5 19. f3 Be6 20. f4 Kg7 21. f5 Bd5 22. Be4 Kf6 23. Bxd5 cxd5 24. Rd3 Rac8 25. c3 Rc5 26. Red1 Ke5 27. Re1+ Kf6 28. Rd4 Nxf5 29. Rf1 Rxg3 30. hxg3 Kg5 31. Rdf4 Nxg3 32. Rxf7 Nxf1 33. Kxf1 Rb5 34. b3 a5 35. Ke2 a4 36. bxa4 Rb2+ 37. Kf3 Rxa2 38. Rxb7 Rxa4 39. Rb5 Ra6 40. Rxd5+ Kg6 41.
g3 Rc6 42. Rd3 Kf5 43. Rd5+ Ke6 44. Rd3 d5 45. Kg4 Ke5 46. Kh5 Ke4 47. Rd4+ Ke5 48. Rd3 Rf6 49. Re3+ Kd6 50. g4 Kc5 51. Rd3 Rf4 52.
Rg3 Kc4 53. Kxh6 d4 54. cxd4 Kxd4 55. g5 Rh4+ 56. Kg7 Ke5 57. g6 Ke6 58. Kg8 Ra4 59. g7 Ra8+ 60. Kh7 Ra7 61. Kh8 Kf6 62. g8=Q Rh7+ 63. Qxh7 1-0

[Event "*** Titled Tuesday Blitz"]
[Site "Chess.com"]
[Date "2020.05.05"]
[Round "10"]
[White "Wolverine_master"]
[Black "monalize"]
[Result "0-1"]
[WhiteElo "2209"]
[BlackElo "2356"]
[TimeControl "180+1"]
[EndTime "12:00:42 PDT"]
[Termination "monalize won by resignation"]

1. e4 c5 2. Nf3 d6 3. d4 cxd4 4.
Nxd4 Nf6 5. Nc3 a6 6. Be2 e6 7. O-O Qc7 8. Be3 b5 9. a3 Bb7 10. f3 Nbd7 11. Nb3 Be7 12. Qe1 O-O 13. Rd1 Rac8 14. Qg3 Rfe8 15. Kh1 Bf8 16. Rfe1 Bc6 17. Nd4 Bb7 18. Nb3 Ne5 19. Bd4 Nfd7 20. f4 Nc4 21. Bxc4 bxc4 22. Nd2 Rb8 23. e5 dxe5 24. Bxe5 Nxe5 25.
fxe5 Red8 26. Nf3 Rxd1 27. Rxd1 Bxf3 28. gxf3 Rxb2 29. Rg1 Rxc2 30. Ne4 Kh8 31. Nf6 h6 32. Ne8 Qc5 33. Nxg7 Qf2 34. Qxf2 Rxf2 35. Nh5 Rxf3 36. Nf6 Bg7 37. Rc1 Bxf6 38. exf6 Rxf6 39. Rxc4 e5 40. Rc5 Re6 41. Kg2 Kg7 42. Kf3 e4+ 43. Ke3 f6 44. a4 Kg6 45. a5 f5 46. Kf4 e3 47.
Rc1 e2 48. Rg1+ Kf6 49. Re1 Re4+ 50. Kf3 Ke5 51. Rxe2 Rxe2 52. Kxe2 Ke4 53. Kf2 f4 54. Kf1 f3 55. Kf2 Kf4 56. Kf1 Ke3 57. Ke1 h5 58. h4 Kf4 59. Kf2 Kg4 60. Ke3 Kg3 61. Ke4 f2 62. Kf5 f1=Q+ 63. Kg5 Qc4 64. Kxh5 Qg4+ 0-1

[Event "*** Titled Tuesday Blitz"]
[Site "Chess.com"]
[Date "2020.05.05"]
[Round "10"]
[White "GigaQuparadze"]
[Black "vladislavkovalev"]
[Result "1/2-1/2"]
[WhiteElo "2854"]
[BlackElo "2899"]
[TimeControl "180+1"]
[EndTime "12:00:43 PDT"]
[Termination "Game drawn - insufficient material"]

1. e4 e5 2. Nf3 Nc6 3. Bb5 a6 4. Ba4 Nf6 5. Qe2 b5 6. Bb3 Bc5 7. c3 d6 8. h3 O-O 9. d3 h6 10. Nbd2 Be6 11. Nf1 d5 12. Ng3 a5 13.
Bc2 dxe4 14. dxe4 Bc4 15. Qd1 Qxd1+ 16. Bxd1 a4 17. a3 Rfe8 18. Be2 Na5 19. Bxc4 Nxc4 20. Ke2 Rad8 21. Rf1 Rd7 22. Nd2 Nd6 23. f3 Red8 24. b3 g6 25. Rb1 Kg7 26. h4 c6 27. Rd1 Nh7 28. Bb2 axb3 29. Nxb3 Bb6 30. Nd2 Nf8 31.
c4 Ne6 32. Bxe5+ f6 33. Bxd6 Rxd6 34. e5 Nf4+ 35. Ke1 Nxg2+ 36. Ke2 Nf4+ 37. Ke1 fxe5 38.
Nge4 Rd3 39. cxb5 cxb5 40. Rxb5 Be3 41. Rb7+ Kf8 42. a4 Ng2+ 43. Ke2 Nf4+ 44. Ke1 h5 45. a5 Ng2+ 46. Ke2 Nf4+ 47. Ke1 Ra3 48. Nc4 Ng2+ 49. Ke2 Nf4+ 50. Ke1 Ng2+ 51. Ke2 Ra2+ 52. Ned2 Bxd2 53. Rxd2 Rdxd2+ 54. Nxd2 Rxa5 55. Rb4 Ra2 56.
Re4 Kf7 57. Rxe5 Nxh4 58. Rd5 Nf5 59. f4 Ra6 60. Ne4 Re6 61. Kf3 Nh4+ 62. Ke3 Ng2+ 63. Kd4 Nxf4 64. Ng5+ Kf6 65. Nxe6 Nxd5 66. Kxd5 Kf5 67.
Nd4+ Kf4 68. Ne6+ Kf3 69. Ke5 h4 70. Kf6 Kg4 71. Ng5 h3 72. Nxh3 Kxh3 73. Kxg6 1/2-1/2

[Event "*** Titled Tuesday Blitz"]
[Site "Chess.com"]
[Date "2020.05.05"]
[Round "10"]
[White "Korona_91"]
[Black "oskariot"]
[Result "1/2-1/2"]
[WhiteElo "2465"]
[BlackElo "2602"]
[TimeControl "180+1"]
[EndTime "12:00:43 PDT"]
[Termination "Game drawn - insufficient material"]

1. e4 c5 2. Nf3 d6 3. Bb5+ Bd7 4.
c4 a6 5. Bxd7+ Nxd7 6. Nc3 g6 7. d4 cxd4 8. Nxd4 Bg7 9. Be3 Rc8 10. Qe2 Ngf6 11.
O-O O-O 12. Rac1 Qa5 13. a3 Rfe8 14. h3 Qc5 15. Nd5 Nxd5 16. cxd5 Qa5 17. f4 Qa4 18. Rcd1 Nc5 19. Qf3 Nb3 20. Ne2 Rc2 21. f5 Rf8 22.
Nf4 Rxb2 23. h4 Nd4 24. Bxd4 Bxd4+ 25. Kh1 Be5 26. Nd3 Rb3 27. fxg6 hxg6 28. Qg4 Bf6 29. h5 Kg7 30. Kg1 Rh8 31. Rxf6 exf6 32. hxg6 Qd4+ 33. Nf2 Qe5 34. gxf7+ Kxf7 35. Qd7+ Qe7 36. Qf5 Rg3 37. Rc1 Rg5 38. Qf3 Qe5 39. Rc7+ Kg6 40. Nh3 Qd4+ 41. Kh2 Qe5+ 42. Kg1 Rg3 43. Qf2 Rg4 44. Kf1 Qa1+ 45.
Qe1 Qxe1+ 46. Kxe1 Rxe4+ 47. Kf2 Re5 48. Rxb7 Kf5 49.
Kf3 Rxd5 50. g4+ Ke5 51. Re7+ Kd4 52. Nf4 Re5 53. Rd7 Kc5 54. Nd3+ Kc6 55. Nxe5+ fxe5 56. Ra7 Rh3+ 57. Ke4 Rxa3 58. g5 Ra4+ 59. Kf5 Rf4+ 60. Ke6 e4 61. Rxa6+ Kc5 62. Rxd6 e3 63. Rd5+ Kc4 64.
Re5 Kd4 65. g6 Rg4 66. Rxe3 Kxe3 67. Kf7 Kf4 68. g7 Kf5 69. g8=Q Rxg8 70. Kxg8 1/2-1/2

[Event "*** Titled Tuesday Blitz"]
[Site "Chess.com"]
[Date "2020.05.05"]
[Round "10"]
[White "BillCoe"]
[Black "Larina_Marija"]
[Result "1/2-1/2"]
[WhiteElo "2012"]
[BlackElo "2125"]
[TimeControl "180+1"]
[EndTime "12:00:44 PDT"]
[Termination "Game drawn by repetition"]

1. e4 d5 2. Nf3 dxe4 3. Ng5 e5 4. Nxe4 Nf6 5. Bb5+ c6 6. Nxf6+ Qxf6 7. Bc4 Bc5 8.
O-O O-O 9. d3 Qg6 10. Qf3 Kh8 11. Nc3 f5 12. Qg3 Qxg3 13. hxg3 b5 14. Bb3 a5 15. a4 b4 16. Ne2 Nd7 17. c3 Nf6 18.
d4 Bd6 19. dxe5 Bxe5 20. Bf4 Re8 21. Rfe1 bxc3 22. bxc3 Ba6 23. Bxe5 Rxe5 24. Nd4 Rc5 25. Re3 Ne4 26. Nxf5 Nxc3 27. Nd6 Nd5 28. Rf3 h6 29. Re1 Rb8 30. Bxd5 Rxd5 31. Nf7+ Kg8 32. Ne5 Re8 33. Rfe3 c5 34. Nc6 Rxe3 35. Rxe3 Rd1+ 36. Kh2 c4 37. Nxa5 Ra1 38. Re6 Rxa4 39. Rxa6 c3 40. Rc6 Rxa5 41. Rxc3 Kh7 42. g4 Kg6 43. f3 Ra2 44. Kg3 Kh7 45. f4 Kg6 46. Kf3 Kf7 47. g3 Ra7 48. f5 Kf6 49. Rc4 Kg5 50. Rc3 Ra4 51. Rc7 Ra3+ 52. Kf2 Kxg4 53. Rxg7+ Kxf5 54. Rh7 Kg5 55. Rb7 Kg4 56. Rb4+ Kg5 57. Rb5+ Kg6 58. Rb6+ Kg5 59. Rb5+ Kg4 60. Rb4+ Kg5 61. Rb5+ 1/2-1/2

[Event "*** Titled Tuesday Blitz"]
[Site "Chess.com"]
[Date "2020.05.05"]
[Round "10"]
[White "Gvetadze"]
[Black "aNaartjieZA"]
[Result "0-1"]
[WhiteElo "2408"]
[BlackElo "2596"]
[TimeControl "180+1"]
[EndTime "12:00:47 PDT"]
[Termination "aNaartjieZA won by resignation"]

1. e4 e6 2. d4 d5 3. e5 c5 4. c3 Nc6 5. Nf3 Qb6 6. a3 a5 7. Bd3 Nh6 8. O-O cxd4 9. cxd4 Nf5 10.
Bxf5 exf5 11. Nc3 Be6 12. Rb1 h6 13. Na4 Qd8 14. Be3 g5 15. Nc5 Bxc5 16. dxc5 f4 17. Bd4 g4 18. Ne1 a4 19. Qd2 f3 20. g3 h5 21. h4 gxh3 22. Kh2 h4 23. Nxf3 hxg3+ 24.
fxg3 Qa5 25. Qf4 O-O-O 26. Rf2 Rhg8 27. Bc3 Qxc5 28. Rbf1 d4 29. Bb4 Qd5 30. Bd6 Rg4 31. Qd2 Rxd6 32. exd6 Qxd6 33. Rg1 Kb8 34. Ng5 f5 35.
Nxe6 Qxe6 36. Qd3 Qe4 37. Qb5 f4 38. gxf4 Rxf4 39. Re2 Qh7 40. Qg5 Qc7 41. Qg3 Ka7 42. Rf1 Rf7 43. Rxf7 Qxf7 44. Rf2 Qd5 45. Qd3 Ne5 46. Qf5 Qd6 47. Kxh3 Qh6+ 48. Kg3 Qe3+ 49. Kg2 d3 50. Qf4 Qe1 51. Qd2 Qe4+ 52. Kg3 Nc4 53.
Qb4 Qe3+ 54. Rf3 Qe5+ 55. Kf2 Qe2+ 56. Kg3 Qe5+ 57. Kf2 Qxb2+ 58. Qxb2 Nxb2 59. Ke1 b5 60. Kd2 Kb6 61. Kc3 Nc4 62. Rxd3 Nxa3 63. Rd6+ Ka5 64. Rd8 b4+ 65. Kb2 Nb5 66. Ka2 b3+ 67. Kb2 Kb4 68. Rd3 a3+ 69. Ka1 b2+ 70. Ka2 Nc3+ 71. Rxc3 Kxc3 72. Kb1 a2+ 73. Kxa2 Kc2 74. Ka3 b1=Q 0-1

[Event "*** Titled Tuesday Blitz"]
[Site "Chess.com"]
[Date "2020.05.05"]
[Round "10"]
[White "Hasangatin_Ramil"]
[Black "AlexZambrano"]
[Result "1/2-1/2"]
[WhiteElo "2501"]
[BlackElo "2297"]
[TimeControl "180+1"]
[EndTime "12:00:47 PDT"]
[Termination "Game drawn by repetition"]

1. e4 d5 2. exd5 Qxd5 3. Nf3 Bg4 4. Be2 Nf6 5. d4 c6 6. c4 Qd6 7. Nc3 e6 8. Qb3 Qc7 9. Bf4 Qb6 10. c5 Qxb3 11.
axb3 a6 12. b4 Nd5 13. Nxd5 exd5 14. b5 cxb5 15. Bxb5+ Nc6 16. Ne5 Bd7 17. Bxc6 Bxc6 18. Kd2 f6 19. Nxc6 bxc6 20. Ra5 g5 21. Bg3 h5 22. h3 Rh7 23. Rha1 Rha7 24. b4 Kd7 25. Kc3 Be7 26. h4 Bd8 27. R5a4 a5 28. Kd3 Kc8 29. hxg5 fxg5 30. Be5 Kb7 31. Rb1 axb4 32. Raxb4+ Kc8 33. Ke3 Ra3+ 34. R1b3 Rxb3+ 35. Rxb3 Ra7 36. f4 gxf4+ 37. Kxf4 Rf7+ 38. Kg3 Bc7 39. Re3 Rg7+ 40. Kh3 Rg4 41. Bxc7 Kxc7 42. Re5 Rxd4 43. Rxh5 Rc4 44. Rh7+ Kd8 45. g4 Rxc5 46. g5 Ke8 47. g6 Kf8 48. Kg4 d4 49. Rd7 Rd5 50. Rxd5 cxd5 51. Kf3 Kg7 52. Ke2 Kxg6 53. Kd3 Kf5 54. Kxd4 Ke6 55.
Kd3 Ke5 56. Ke3 d4+ 57. Kd3 Kd5 58. Kd2 Kc4 59. Kc2 d3+ 60. Kd2 Kd4 61. Kd1 Kc3 62. Kc1 Kc4 63. Kd2 Kd4 64. Kd1 Kc5 65. Kd2 Kc4 66.
Kd1 Kc3 67. Kc1 Kd4 68. Kd2 Ke4 69. Kd1 Ke5 70. Kd2 Ke4 71. Kd1 Ke3 72. Ke1 Kd4 73. Kd2 Kc4 74. Kd1 Kc5 75. Kd2 Kd4 1/2-1/2

[Event "*** Titled Tuesday Blitz"]
[Site "Chess.com"]
[Date "2020.05.05"]
[Round "10"]
[White "Char_dasha"]
[Black "mbachez"]
[Result "0-1"]
[WhiteElo "2276"]
[BlackElo "2439"]
[TimeControl "180+1"]
[EndTime "12:00:48 PDT"]
[Termination "mbachez won on time"]

1. d4 Nf6 2. c4 Nc6 3. Nf3 e6 4.
g3 Bb4+ 5. Bd2 a5 6. Bg2 O-O 7.
O-O Bxd2 8. Qxd2 d6 9. Nc3 e5 10. e3 Re8 11. Rad1 Bg4 12. h3 exd4 13. exd4 Bh5 14.
Qf4 Qd7 15. Rd2 Bg6 16. Nh4 Re7 17. Nxg6 hxg6 18. g4 Rae8 19. Kh2 Nb4 20. a3 Nc6 21. Kg3 Re1 22. Rxe1 Rxe1 23. Re2 Rxe2 24. Nxe2 Qe6 25.
Qe3 Qxc4 26. g5 Nh5+ 27. Kh2 Kf8 28. Bf3 Ne7 29. Bxb7 c6 30. Nf4 Nxf4 31. Qxf4 Qb5 32. Qxd6 Qb6 33. Qb8+ Nc8 34. Qxc8+ Ke7 35. Ba6 Qxd4 36.
Qc7+ Ke8 37. Qxc6+ Ke7 38. Qg2 Qd6+ 39. Qg3 Qxa6 40. Qc7+ Ke6 41. Qd8 Qf1 42. Qe8+ Kf5 43. Qxf7+ Kxg5 44. Qd5+ Kh6 45. Qd2+ g5 46. Kg3 Qg1+ 47.
Kf3 a4 48. Qd6+ Kh5 49. Qd2 Qh1+ 50. Ke2 Qxh3 51. Qd4 Qe6+ 52. Kf1 Qa6+ 53. Kg1 Kh6 54. Qe4 Qb5 55. Qe6+ g6 56. Qg8 Qxb2 57. Qf8+ Kh5 58. Qf3+ g4 59. Qd5+ Kh6 60. Qc5 Qb8 61. Qe3+ Kh5 62. Qc5+ g5 63. Qd4 Qe8 64. Qg7 Qe1+ 65. Kg2 Qe4+ 66. Kg1 g3 67. Qh8+ Kg4 68. Qc8+ Qf5 69.
Qc4+ Kh3 70. Qf1+ Kg4 71. Qc4+ Qf4 72. Qe6+ Kf3 73. Qd5+ Ke2 0-1

[Event "*** Titled Tuesday Blitz"]
[Site "Chess.com"]
[Date "2020.05.05"]
[Round "10"]
[White "Shushik"]
[Black "827883"]
[Result "0-1"]
[WhiteElo "2055"]
[BlackElo "2228"]
[TimeControl "180+1"]
[EndTime "12:00:48 PDT"]
[Termination "827883 won by resignation"]

1. e4 e5 2. Nf3 Nc6 3. Bc4 Nf6 4.
Ng5 d5 5. exd5 Na5 6. d3 h6 7. Nf3 e4 8. Qe2 Qe7 9. dxe4 Nxe4 10. O-O Bf5 11. Nd4 Bd7 12. Bd3 Nf6 13. Qd2 b6 14.
Re1 Nxd5 15. Rxe7+ Bxe7 16. Be4 c6 17. Nxc6 Bxc6 18.
Bxd5 O-O-O 19. Nc3 Bf6 20. b4 Nb7 21. Bxc6 Rxd2 22.
Bxd2 Nd6 23. Rd1 Nc4 24. Ne4 Be5 25. Be1 Kc7 26. Bb5 Nd6 27. Nxd6 Bxd6 28. Bc3 f6 29.
Bc4 Rd8 30. a3 Bxh2+ 31. Kxh2 Rxd1 32. Kg3 Rc1 33. Bb3 Rd1 34. Kf3 Rh1 35. g3 Rg1 36. Bd4 Rd1 37. Ke3 Re1+ 38. Kd2 Re8 39. c4 Rd8 40. Ke3 Kc6 41. Ba4+ Kd6 42. c5+ bxc5 43.
bxc5+ Kd5 44. Bb3+ Kc6 45. Kd3 Rb8 46. Kc4 Rd8 47.
Ba4+ Kc7 48. c6 a6 49. Be3 Re8 50. Bf4+ Kc8 51. c7 Re4+ 52. Kb3 g5 53. f3 Rd4 54. Be3 Rd3+ 55. Kc4 Rxe3 56. Bc6 Kxc7 57. Bd5 Rxa3 58.
Kb4 Ra1 59. Bc4 Kd6 60. Kb3 Ke5 61. Kb2 Ra5 62. Kb3 f5 63. Kb4 Ra1 64. Kb3 h5 65.
Kb2 Ra5 66. Bf7 h4 67. gxh4 gxh4 68. Bc4 Kf4 69. Bf1 Kxf3 70. Kb3 Kg3 71. Kb4 Ra1 72. Be2 h3 73. Bc4 h2 74. Bd5 h1=Q 75. Bxh1 Rxh1 76.
Ka5 Re1 77. Kxa6 f4 78. Ka5 f3 79. Ka4 f2 80. Ka3 f1=Q 81. Ka2 Re2+ 82. Ka3 Qf3+ 83. Ka4 Re4+ 84. Kb5 Qf5+ 85. Kc6 Re6+ 86. Kd7 Qf7+ 0-1